 Dungeon Crawl Stone Soup version 0.30.1-11-g7821555f0a (webtiles) character file.

Game seed: 8061156452310277789

109 comborobin the Sneak (level 4, 0/37 HPs)
             Began as a Demigod Delver on Dec 16, 2023.
             Succumbed to an adder's poison
             ... on level 2 of the Dungeon.
             The game lasted 00:02:03 (894 turns).

comborobin the Sneak (Demigod Delver)                Turns: 894, Time: 00:02:04

Health: 0/37       AC:  4    Str: 14 (17) XL:     4   Next: 34%
Magic:  6/6        EV: 11    Int: 11 (12) God:
Gold:   64         SH:  0    Dex: 12 (15) Spells: 3/3 levels left

rFire   . . .        m - +0 battleaxe
rCold   . . .        (shield currently unavailable)
rNeg    . . .        b - +0 leather armour
rPois   .            (no helmet)
rElec   .            (no cloak)
rCorr   .            (no gloves)
SInv    .            l - +0 pair of boots
Will    .....        (no amulet)
Stlth   ++           o - ring of flight
HPRegen 0.26/turn    (no ring)
MPRegen 0.10/turn

%: no passive effects
@: lethally poisoned (0 -> -4), flying
A: high MP 1, forlorn, divine attributes
a: no special abilities


You were on level 2 of the Dungeon.
You visited 1 branch of the dungeon, and saw 5 of its levels.

You collected 64 gold pieces.

Inventory:

Hand Weapons
 a - a +0 morningstar
 h - a +0 mace
 m - a +0 battleaxe (weapon)
Armour
 b - a +0 leather armour (worn)
 l - a +0 pair of boots (worn)
Jewellery
 o - a ring of flight (left hand)
Wands
 g - a wand of digging (3)
Scrolls
 c - a scroll of fog
 d - 2 scrolls of enchant weapon {unknown}
 e - a scroll of fear
 k - a scroll of blinking {unknown}
 n - 3 scrolls of identify
Potions
 i - a potion of degeneration
 j - a potion of curing


   Skills:
 - Level 2.6 Fighting
 + Level 0.6(2.7) Axes
 - Level 4.3(4.4) Maces & Flails
 - Level 1.7 Dodging
 - Level 4.5 Stealth


You had 3 spell levels left.
You didn't know any spells.
Your spell library was empty.

Dungeon Overview and Level Annotations

Branches:
Dungeon (6/15)
 Temple: D:4-7


Innate Abilities, Weirdness & Mutations

You have an increased reservoir of magic. (+10% MP)
You shall have no god before yourself.
Your divine heritage dramatically boosts your attributes as you level up.


Message History

You are too injured to fight recklessly!
You closely miss the adder.
The adder is heavily wounded.
The adder completely misses you. The adder barely misses you.
You completely miss the adder.
The adder is heavily wounded.
The adder bites you but does no damage. The adder bites you.
You closely miss the adder.
The adder is heavily wounded.
The adder closely misses you. The adder bites you but does no damage.
You hit the adder.
The adder is almost dead.
The adder bites you. The adder barely misses you.
You closely miss the adder.
The adder is almost dead.
The adder completely misses you. The adder bites you but does no damage.
You barely miss the adder.
The adder is almost dead.
The adder barely misses you. The adder bites you.
* * * LOW HITPOINT WARNING * * *
You are poisoned.
The adder poisons you!
You barely miss the adder.
The adder is almost dead.
You feel sick. The adder closely misses you.
The adder bites you but does no damage.
You closely miss the adder.
The adder is almost dead.
You feel sick. The adder misses you. The adder bites you.
* * * LOW HITPOINT WARNING * * *
You are lethally poisoned!
The adder poisons you!
You closely miss the adder.
The adder is almost dead.
* * * LOW HITPOINT WARNING * * *
You feel very sick.
The adder bites you but does no damage. x2
You miss the adder.
The adder is severely wounded.
You die... ~ ~..~########### ~.~....@S...... ~..~#####.##### ~ .. ##

You could see an adder.

Vanquished Creatures
  A hound (D:5)
  2 iguanas (D:4)
  An ufetubus (D:4)
  2 worms (D:3)
  An endoplasm (D:4)
  A giant cockroach (D:3)
  A goblin (D:4)
  3 hobgoblins
  A ball python (D:3)
  A bat (D:3)
  3 frilled lizards (D:3)
  A kobold (D:3)
  2 rats (D:3)
20 creatures vanquished.

Notes
Turn   | Place    | Note
-------+----------+-------------------------------------------
     0 | D:5      | comborobin the Demigod Delver began the quest for the Orb.
     0 | D:5      | Reached XP level 1. HP: 18/18 MP: 3/3
    40 | D:5      | Noticed a scorpion
    70 | D:4      | Noticed a hound
    84 | D:5      | Killed a hound
    85 | D:5      | Reached XP level 2. HP: 22/25 MP: 4/4
   164 | D:4      | Reached XP level 3. HP: 17/30 MP: 5/5
   283 | D:4      | Reached XP level 4. HP: 25/37 MP: 6/6
   497 | D:3      | Noticed a shadow
   894 | D:2      | Succumbed to an adder's poison

Illustrated notes

Levels and vault maps discovered:
D:2:      layout_basic, minmay_misc_feat_cross, chequers_mini_garden,
          chequers_serial_rivers_small_3
D:3:      layout_loops_ring, riverfiend_overflow_shadow_ancestor, uniq_robin
D:4:      layout_loops_ring, elyvilon_altar_3
D:5:      minmay_razor_zed, layout_basic, grunt_gozag_statues,
          kennysheep_generic_room_4
D:6:      layout_gridville, kiku_gazebo_pond_becter, portal_sewer_entry_b,
          doesnt_shop_hydraphobe, uniq_edmund

Skill      XL: |  1  2  3 |
---------------+----------+-----
Maces & Flails | 3 4 |  4.3
Fighting       | |  2.6
Axes           | |  0.6
Dodging        | |  1.7
Stealth        | |  4.5

Action                     |  1- 3 |  4- 6 || total
---------------------------+-------+-------++-------
  Melee: Morningstar       |    32 |    10 ||    42
         Punch             |     2 |       ||     2
         Battleaxe         |       |    36 ||    36
    Use: Scroll            |     2 |       ||     2
         Potion            |     1 |     3 ||     4
   Stab: Sleeping          |       |     3 ||     3
 Armour: Leather armour    |     7 |    15 ||    22
  Dodge: Dodged            |    21 |    43 ||    64
